Map: Triton LE

Players

Lambo - Winner!

  • Race: Zerg Zerg
  • League: Master
  • Spawn Location: 11:00

Denver

  • Race: Zerg Zerg
  • League: Master
  • Spawn Location: 5:00

VOD

Have the link to the VOD?

Description

Time

  • Played on: Jan. 14, 2020, 12:47 p.m.
  • Length: 12:09
Show
View Real Time Build Order
Export as new Build Order

Lambo Zerg - Winner!

Build Orders: Hatch First, Muta Ling Bane 

Get SALT Encoding   

  12  0:00  Drone  
  13  0:12  Overlord  
  13  0:16  Drone  
  14  0:30  Drone x2  
  16  0:47  Hatchery  
  15  0:50  Drone  
  15  0:54  Drone  
  17  0:57  Drone  
  18  1:08  Extractor  
  17  1:12  Spawning Pool  
  17  1:15  Drone  
  17  1:19  Drone  
  18  1:27  Drone  
  19  1:38  Drone  
  20  1:49  Drone  
  21  1:59  Queen x2  
  25  2:01  Zergling x2  
  25  2:02  Overlord  
  25  2:07  Metabolic Boost  
  26  2:10  Drone x2  
  28  2:22  Drone x2  
  30  2:32  Hatchery  
  30  2:36  Zergling x2  
  30  2:38  Zergling x2  
  30  2:42  Drone  
  32  2:51  Evolution Chamber  
  31  2:53  Overlord  
  31  2:55  Drone  
  31  2:56  Drone  
  33  3:02  Lair  
  33  3:04  Drone  
  34  3:07  Extractor  
  34  3:08  Drone  
  34  3:09  Drone  
  34  3:12  Drone  
  36  3:15  Drone x2  
  36  3:17  Zergling x2  
  40  3:20  Drone  
  40  3:23  Drone  
  42  3:27  Baneling Nest  
  42  3:30  Drone  
  42  3:31  Drone  
  43  3:34  Overlord  
  43  3:38  Drone  
  44  3:45  Drone x4  
  44  3:47  Extractor  
  47  3:57  Drone x3  
  47  4:00  Extractor  
  47  4:01  Overlord  
  49  4:05  Spire, Drone  
  49  4:07  Drone  
  50  4:10  Drone x2  
  50  4:13  Drone  
  53  4:20  Overlord  
  53  4:22  Overlord  
  53  4:24  Queen  
  53  4:30  Zergling x6  
  58  4:33  Zergling x4  
  58  4:37  Drone  
  61  4:39  Overlord  
  61  4:42  Overlord  
  61  4:45  Overlord  
  61  4:50  Drone  
  62  4:55  Evolution Chamber  
  61  5:05  Drone x2  
  63  5:07  Extractor  
  63  5:09  Extractor  
  61  5:17  Mutalisk x7  
  61  5:19  Drone  
  76  5:27  Mutalisk  
  78  5:34  Mutalisk  
  77  5:37  Drone  
  77  5:38  Drone  
  77  5:39  Zergling x8  
  83  5:43  Mutalisk  
  83  5:47  Mutalisk  
  87  5:54  Zerg Flyer Weapons Level 1  
  87  5:57  Zergling x16  
  87  6:01  Mutalisk  
  97  6:05  Mutalisk  
  99  6:17  Zergling x12  
  105  6:25  Mutalisk  
  104  6:32  Mutalisk  
  104  6:34  Zergling x2  
  104  6:35  Overlord  
  104  6:37  Zerg Melee Weapons Level 1  
  102  6:46  Overlord  
  96  6:50  Mutalisk x3  
  96  6:53  Drone x4  
  96  6:54  Drone, Queen  
  106  6:59  Mutalisk x2  
  112  7:02  Overseer  
  111  7:12  Zergling x14  
  117  7:22  Mutalisk x2  
  113  7:26  Zergling x10  
  120  7:33  Mutalisk  
  121  7:39  Queen  
  121  7:43  Mutalisk x2  
  122  7:49  Mutalisk  
  114  7:51  Drone x4  
  114  7:57  Zergling x8  
  119  8:05  Zergling x4  
  119  8:07  Zergling x4  
  121  8:16  Zergling x2  
  121  8:18  Overlord  
  121  8:19  Overseer  
  121  8:21  Pneumatized Carapace  
  120  8:30  Mutalisk x3  
  120  8:32  Zergling x2  
  122  8:38  Zergling x16  
  130  8:48  Mutalisk  
  128  8:51  Zergling x2  
  122  9:05  Mutalisk x3  
  122  9:08  Drone, Overlord  
  122  9:09  Overlord x2  
  129  9:14  Overlord  
  129  9:16  Zerg Flyer Weapons Level 2  
  129  9:28  Mutalisk x3  
  135  9:33  Centrifical Hooks  
  135  9:44  Zergling x16  
  141  9:49  Zergling x6  
  137  9:58  Mutalisk x3  
  143  10:04  Zergling x6  
  146  10:11  Mutalisk x2  
  149  10:20  Zergling x8  
  153  10:22  Overlord  
  153  10:24  Overseer  
  153  10:32  Mutalisk x2  
  153  10:35  Zergling x2  
  147  10:44  Mutalisk x3  
  151  10:50  Drone  
  151  10:55  Zergling x4  
  153  11:01  Overlord  
  153  11:02  Overlord  
  153  11:04  Overlord  
  153  11:11  Overlord  
  151  11:12  Baneling x4, Overlord  
  151  11:15  Zergling x8  
  153  11:20  Zergling x6  
  153  11:24  Zergling x8  
  149  11:31  Mutalisk  
  135  11:35  Zergling x4  
  130  11:40  Overseer  
  130  11:41  Mutalisk  
Show
View Real Time Build Order
Export as new Build Order

Denver Zerg 

Build Orders: Hatch First 

Get SALT Encoding   

  12  0:00  Drone  
  13  0:12  Overlord  
  13  0:17  Drone  
  14  0:30  Drone x2  
  16  0:48  Hatchery  
  15  0:51  Drone  
  15  0:55  Drone  
  17  0:58  Drone  
  18  1:12  Spawning Pool  
  18  1:15  Drone  
  18  1:19  Drone  
  19  1:28  Drone  
  19  1:29  Extractor  
  20  1:43  Hatchery  
  20  1:45  Drone  
  20  1:50  Drone  
  20  1:52  Extractor  
  20  2:00  Queen  
  22  2:02  Zergling x2  
  22  2:04  Drone  
  24  2:14  Queen  
  26  2:19  Overlord  
  26  2:21  Drone  
  27  2:24  Drone  
  29  2:37  Drone x3  
  29  2:42  Queen  
  34  2:44  Drone  
  34  2:45  Drone  
  35  2:54  Evolution Chamber  
  35  2:55  Drone x2  
  35  2:57  Drone  
  37  3:07  Drone, Roach Warren  
  37  3:15  Evolution Chamber  
  37  3:19  Drone x4  
  40  3:21  Drone  
  40  3:25  Drone  
  42  3:27  Overlord  
  42  3:31  Zerg Missile Weapons Level 1  
  42  3:38  Extractor  
  42  3:39  Extractor, Queen  
  44  3:43  Overlord  
  44  3:50  Lair, Extractor, Drone x2  
  44  3:52  Drone  
  45  3:56  Drone x2  
  45  3:57  Drone  
  45  4:01  Drone x2  
  50  4:03  Drone  
  50  4:05  Drone  
  50  4:07  Overlord  
  52  4:16  Extractor, Roach x3  
  57  4:19  Overlord  
  57  4:21  Drone  
  58  4:27  Drone  
  58  4:28  Drone x2  
  61  4:31  Drone  
  61  4:32  Drone x2  
  61  4:33  Drone  
  61  4:34  Extractor  
  64  4:42  Drone  
  65  4:48  Glial Reconstitution, Hatchery  
  65  4:50  Drone x2  
  65  4:51  Drone x3  
  69  4:55  Drone  
  69  4:59  Drone  
  72  5:00  Zerg Ground Armor Level 1, Drone  
  72  5:01  Drone  
  72  5:02  Drone  
  74  5:07  Overlord  
  74  5:10  Overlord x2  
  74  5:13  Overseer  
  74  5:15  Overlord  
  74  5:22  Overlord x2  
  74  5:26  Drone  
  74  5:27  Drone x2  
  77  5:29  Roach x3  
  77  5:30  Roach  
  85  5:39  Overlord  
  85  5:40  Drone x2  
  85  5:42  Extractor  
  88  5:43  Extractor, Roach x3  
  88  5:46  Hatchery  
  88  5:49  Roach x2  
  96  5:50  Roach  
  96  5:51  Zerg Missile Weapons Level 2  
  96  5:54  Roach  
  96  5:55  Roach  
  96  5:56  Overlord  
  100  6:02  Roach x3  
  106  6:05  Overlord  
  106  6:10  Spore Crawler  
  105  6:12  Roach x3  
  105  6:13  Overlord  
  111  6:20  Overlord x2  
  111  6:28  Drone x3  
  111  6:29  Roach x2  
  111  6:32  Roach x5  
  122  6:33  Roach  
  118  6:41  Roach x5  
  112  6:51  Roach  
  112  6:52  Roach  
  112  6:53  Roach  
  110  6:56  Burrow  
  110  6:59  Roach x6  
  114  7:09  Roach x2  
  114  7:12  Roach x2  
  122  7:24  Roach  
  122  7:25  Roach x4  
  122  7:27  Overlord x2  
  130  7:32  Hydralisk Den  
  125  7:42  Hatchery, Roach x8  
  124  7:54  Roach x5  
  124  8:03  Roach x2  
  124  8:04  Roach x5  
  118  8:11  Grooved Spines  
  108  8:33  Hydralisk x8  
  108  8:34  Hydralisk x4  
  108  8:41  Hydralisk x2  
  122  8:42  Roach x2  
  122  8:43  Overlord  
  120  8:51  Overlord  
  110  9:03  Hydralisk x3  
  110  9:04  Hydralisk  
  110  9:05  Hydralisk x3  
  118  9:14  Roach x6  
  126  9:20  Roach x4  
  134  9:33  Roach  
  134  9:34  Roach x3  
  140  9:42  Roach x7  
  138  9:57  Roach x2, Hydralisk x2  
  138  9:58  Hydralisk x4  
  150  10:06  Tunneling Claws  
  145  10:21  Drone x10  
  137  10:38  Hydralisk x3  
  137  10:39  Hydralisk x3  
  139  10:48  Roach x5  
  133  10:56  Hydralisk x3  
  135  11:14  Roach x3  
  141  11:22  Roach x9  
  139  11:29  Roach  
  130  11:37  Hydralisk x3  
Tags
 
Add a new tag
Caveats
  • Supply blocks, unpowered buildings, or Contaminate may cause inaccurate times.
  • Supply counts are checked every 10 seconds.